 Dungeon Crawl Stone Soup version 0.25-a0-1024-gbfbf38f2cb (webtiles) character file.

Game seed: 15241920585639128681, levelgen mode: deterministic

0 Esekla the Skirmisher (level 1, -12/18 HPs)
             Began as a Formicid Abyssal Knight on May 12, 2020.
             Was a Follower of Lugonu.
             Mangled by a blink frog (shapeshifter) (13 damage)
             ... on level 2 of the Abyss.
             The game lasted 00:02:47 (375 turns).

Esekla the Skirmisher (Formicid Abyssal Knight)      Turns: 375, Time: 00:02:48

Health: -12/18     AC:  3    Str: 16    XL:     1   Next: 0%
Magic:  2/2        EV: 11    Int: 11    God:    Lugonu [*.....]
Gold:   0          SH:  0    Dex: 10    Spells: 0/0 levels left

rFire    . . .     SeeInvis +   a - +1 falchion
rCold    . . .     Gourm    .   (no shield)
rNeg     . . .     Faith    .   b - +0 leather armour
rPois    .         Spirit   .   (helmet unavailable)
rElec    .         Reflect  .   (no cloak)
rCorr    .         Harm     .   (no gloves)
MR       .....                  (no boots)
Stlth    +.........             (no amulet)
HPRegen  0.06/turn              (no ring)
MPRegen  0.08/turn              (no ring)

@: no status effects
A: permanent stasis, dig shafts and tunnels, four strong arms, antennae 3
a: Dig, Shaft Self, Depart the Abyss, Renounce Religion


You were on level 2 of the Abyss.
You worshipped Lugonu.
Lugonu was aware of your devotion.
You were not hungry.

You visited 0 branches of the dungeon, and saw 0 of its levels.
You visited the Abyss 1 time.

Inventory:

Hand Weapons
 a - a +1 falchion (weapon)
Missiles
 g - 7 javelins (quivered)
Armour
 b - a +0 leather armour (worn)
Scrolls
 d - a scroll of random uselessness {unknown}
 e - a scroll of remove curse {unknown}
Potions
 f - a potion of might {unknown}
 h - a potion of resistance {unknown}
Comestibles
 c - a ration


   Skills:
 * Level 3.2 Fighting
 * Level 2.0 Long Blades
 + Level 2.1 Armour
 + Level 0.8 Dodging
 + Level 2.1 Invocations


You couldn't memorise any spells.
You didn't know any spells.
Your spell library was empty.

Dungeon Overview and Level Annotations

Branches:
Dungeon (0/15)

Altars:


Innate Abilities, Weirdness & Mutations

You cannot be hasted, slowed, berserked, paralysed or teleported.
You can dig through walls and to a lower floor.
Your four strong arms can wield two-handed weapons with a shield.
You have a pair of large antennae on your head. (SInv)


Message History

The blink frog is moderately wounded.
The blink frog closely misses you. The blink frog barely misses you.
You hit the blink frog.
The blink frog is moderately wounded.
The blink frog hits you.
* * * LOW HITPOINT WARNING * * *
You hit the blink frog.
The blink frog is heavily wounded.
The blink frog barely misses you. x2; You riposte.
You miss the blink frog.
The blink frog is heavily wounded.
Unknown command.
You miss the blink frog.
The blink frog is heavily wounded.
The blink frog barely misses you. The blink frog closely misses you.
You slash the blink frog!
The blink frog is severely wounded.
The blink frog misses you. The blink frog hits you!
Ouch! That really hurt!
You die...

.## # # . #
.## ### # #
..## .# .# .
# #..#{..#
## ###.#.#.
#.# #.
....#..#####
# . .#..#..#
.##.# #.#@#
##. # ##.F#
# ####.### #
#....####
#####...# {
##.### {
#ยง###
##.#.# #.
..# #


You could see a blink frog.

Vanquished Creatures (others)
  2 small abominations (Abyss:2)
2 creatures vanquished.

Notes
Turn   | Place    | Note
-------+----------+-------------------------------------------
     0 | Abyss:1  | Esekla the Formicid Abyssal Knight began the quest for the
                  | Orb.
     0 | Abyss:1  | Reached XP level 1. HP: 18/18 MP: 2/2
    23 | Abyss:2  | Found a corrupted altar of Lugonu.
    53 | Abyss:2  | Noticed a glowing orange brain
   169 | Abyss:2  | Killed a small abomination
   230 | Abyss:2  | Killed a small abomination
   353 | Abyss:2  | Noticed an ice beast
   359 | Abyss:2  | Noticed a blink frog
   375 | Abyss:2  | Mangled by a blink frog (shapeshifter)

Illustrated notes

Levels and vault maps discovered:
Abyss:2

Action                   || total
-------------------------++-------
Melee: Falchion          ||     7
Throw: Javelin           ||     1
Dodge: Dodged            ||     9
       Rpst.: Falchion   ||     1

Table legend:
 A = Non-vault XP
 B = Vault XP
 C = Vault XP percentage of total XP
 D = Non-vault monster count
 E = Vault monster count
 F = Vault count percentage of total count
                 A         B        C        D         E       F
            +---------+---------+-------+---------+---------+-------
      Total |       0 |       0 |   N/A |       0 |       0 |  -nan
            +---------+---------+-------+---------+---------+-------
            +---------+---------+-------+---------+---------+-------
